AoeStats
← [AdelB] TupacPalo

Arena

506639878Analyzed
1v1 RM · 19d ago on Sep 14, 2026· 98m 17s· 2 players
Game mode
Random Map
Map size
Tiny (2 player)
Population
200
Speed
Normal
Resources
Standard
Victory
Conquest
Starting age
Dark Age
Ending age
Imperial Age
RankedLock teamsTeams togetherTeam positionsShared explorationLock speedFull tech treeHidden civsTurbo modeCheats
Victory
Defeat
🇭🇰 Saracens · Hong Kong SAR China
1394
+15
🇦🇷 Malay · Argentina
1376
-15
[AdelB] TupacPalo
8:30 Feudal Age
8:16 Double-Bit Axe
8:30 Horse Collar
17:11 Castle Age
15:18 Gold Mining
17:29 Husbandry
21:17 Bow Saw
21:42 Sanctity
22:11 Heavy Plow
23:30 Wheelbarrow
24:04 Forging
26:04 Hand Cart
27:14 Stone Mining
27:05 Pikeman
28:22 Gold Shaft Mining
28:09 Squires
31:33 Imperial Age
30:05 Iron Casting
30:32 Loom
30:33 Town Watch
30:22 Halberdier
32:03 Blast Furnace
32:31 Stone Shaft Mining
32:21 Conscription
33:00 Masonry
34:35 Chemistry
35:47 Fletching
38:10 Siege Engineers
37:37 Elite Skirmisher
39:15 Bodkin Arrow
40:40 Ballistics
41:23 Bracer
41:26 Padded Archer Armor
43:18 Forced Levy
44:33 Man-at-Arms
46:33 Leather Archer Armor
47:48 Long Swordsman
49:22 Two-Handed Swordsman
51:47 Guilds
66:23 Town Patrol
66:24 Arson
71:15 Ring Archer Armor
70:55 Scale Barding Armor
80:49 Capped Ram
84:00 Devotion
85:49 Heresy
93:34 Crop Rotation
93:36 Treadmill Crane
good boy
10:26 Feudal Age
14:21 Castle Age
12:56 Loom
12:58 Double-Bit Axe
13:13 Horse Collar
16:03 Bow Saw
19:51 Wheelbarrow
21:05 Town Watch
22:52 Sanctity
22:49 Heavy Plow
25:45 Gold Mining
25:45 Stone Mining
29:19 Imperial Age
29:25 Imperial Age
26:45 Fletching
28:10 Forging
28:11 Bloodlines
28:28 Husbandry
29:04 Scale Barding Armor
30:10 Gold Shaft Mining
30:04 Elite Mameluke
32:14 Chemistry
31:52 Ballistics
31:46 Bodkin Arrow
32:43 Bracer
33:09 Conscription
33:13 Masonry
34:23 Murder Holes
35:09 Hoardings
36:14 Siege Engineers
36:44 Bimaristan
36:41 Devotion
38:22 Iron Casting
39:17 Padded Archer Armor
39:38 Chain Barding Armor
39:23 Elite Skirmisher
40:19 Leather Archer Armor
41:05 Blast Furnace
41:17 Plate Barding Armor
42:52 Ring Archer Armor
42:44 Treadmill Crane
45:53 Hand Cart
45:39 Town Patrol
49:35 Counterweights
54:41 Fortified Wall
54:22 Guard Tower
54:17 Arrowslits
57:23 Crossbowman
58:19 Thumb Ring
59:05 Arbalester
65:23 Light Cavalry
68:13 Hussar
97:43 Capped Ram
Connection lost

Rejoining the realm…

Still unreachable

The connection could not be restored.

Session expired

The server has moved on; the page needs a fresh start.